Hartford Whalers vs Nashville Predators
Created - Saturday, May 6, 2023 at 07:00
Goals
|
| Hartford Whalers |
3 |
0 |
0 |
3 |
| Nashville Predators |
0 |
1 |
0 |
1 |
|
Shots
|
| Hartford Whalers |
11 |
11 |
9 |
31 |
| Nashville Predators |
16 |
14 |
9 |
39 |
|
1st period
1. Hartford Whalers , Alexander Wennberg 11 (Anthony Mantha 16) at 9:00 (PP)
2. Hartford Whalers , Alexander Wennberg 12 (Anthony Mantha 17, Connor Clifton 3) at 18:07
3. Hartford Whalers , Joshua Norris 18 (Taylor Hall 31) at 19:49 (PP)
Penalties :
Ryan Carpenter (NSH) for Interference (Minor) at 7:57, Justin Braun (NSH) for Interference (Minor) at 10:35, Cale Makar (NSH) for Tripping (Minor) at 19:44
2nd period
4. Nashville Predators , Corey Perry 13 (Brandon Saad 26) at 2:24
Penalties :
Marcus Foligno (HFD) for Tripping (Minor) at 7:08, Artem Zub (NSH) for Goalie Interference (Minor) at 16:16
3rd period
No Goal
Penalties :
Justin Braun (NSH) for Holding (Minor) at 8:49
Goalie Stats
Logan Thompson (HFD), 38 saves from 39 shots - (0.974), W, 9-9-2, 60:00 minutes
Anthony Stolarz (NSH), 28 saves from 31 shots - (0.903), L, 10-15-7, 60:00 minutes
Players Stats for Hartford Whalers
Player Name G A P +/- PIM S H SB GA TA FO MP PP MP PK MP
------------------------------------------------------------------------------------
Alec Martinez 0 0 0 0 0 1 0 1 0 3 0/0 14:07 1:56 1:00
Alexander Wennberg 2 0 2 1 0 5 1 1 2 1 8/14 18:56 3:30 0:00
Alexis Lafreniere 0 0 0 -1 0 2 2 1 3 0 0/0 13:24 0:02 0:00
Anthony Mantha 0 2 2 1 0 3 1 1 0 0 0/0 18:39 3:30 0:00
Brett Howden 0 0 0 0 0 2 1 1 1 0 2/2 14:27 0:02 1:23
Casey Cizikas 0 0 0 -1 0 0 0 0 1 1 6/11 13:10 0:00 0:46
Connor Clifton 0 1 1 0 0 2 2 1 0 1 0/0 17:20 0:02 0:00
Haydn Fleury 0 0 0 0 0 0 0 0 0 2 0/0 18:05 0:47 0:00
Jaccob Slavin 0 0 0 0 0 3 0 3 1 0 0/0 22:23 3:08 1:00
Josh Anderson 0 0 0 1 0 2 1 0 0 0 0/0 18:55 3:30 0:00
Joshua Norris 1 0 1 0 0 4 2 0 0 0 17/28 19:43 3:35 0:00
Kevin Labanc 0 0 0 0 0 0 0 0 2 1 0/0 9:50 0:00 0:43
Marcus Foligno 0 0 0 0 2 2 1 1 0 1 0/0 18:39 3:33 0:00
Michael Raffl 0 0 0 0 0 0 1 1 0 0 1/3 8:37 0:00 0:36
Paul Byron 0 0 0 -1 0 0 1 1 2 0 0/0 6:15 0:00 0:30
Taylor Hall 0 1 1 0 0 3 3 0 0 0 1/1 18:45 3:33 0:00
Torey Krug 0 0 0 0 0 1 0 0 0 0 0/0 23:09 4:20 0:59
Trevor van Riemsdyk 0 0 0 0 0 1 0 0 0 2 0/0 23:36 3:57 0:59
Players Stats for Nashville Predators
Player Name G A P +/- PIM S H SB GA TA FO MP PP MP PK MP
------------------------------------------------------------------------------------
Artem Zub 0 0 0 0 2 1 1 1 0 0 0/0 20:52 0:30 2:35
Bowen Byram 0 0 0 0 0 0 1 0 0 1 0/0 15:51 1:29 1:48
Brandon Saad 0 1 1 0 0 2 1 1 1 0 2/7 18:26 1:13 3:52
Cale Makar 0 0 0 0 2 4 1 2 1 2 0/0 24:55 1:29 3:04
Corey Perry 1 0 1 0 0 9 3 2 2 0 1/2 18:19 1:13 3:54
Jake Muzzin 0 0 0 0 0 1 1 1 0 1 0/0 18:28 0:30 4:39
Janne Kuokkanen 0 0 0 0 0 2 0 0 1 0 0/0 12:58 0:00 0:00
Justin Braun 0 0 0 0 4 2 4 2 0 4 0/0 24:58 0:00 2:04
Loui Eriksson 0 0 0 0 0 2 1 0 0 0 0/0 13:26 0:46 0:12
Nate Schmidt 0 0 0 0 0 0 3 0 1 1 0/0 15:05 0:00 0:00
Nick Bjugstad 0 0 0 0 0 0 4 1 1 0 0/0 14:10 0:00 1:12
Nolan Patrick 0 0 0 0 0 4 1 0 1 0 5/9 12:49 0:00 0:29
Pat Maroon 0 0 0 0 0 1 5 0 0 0 0/0 15:50 0:46 2:47
Riley Nash 0 0 0 0 0 2 0 0 1 0 0/0 12:18 0:00 0:00
Ryan Carpenter 0 0 0 0 2 0 2 0 3 0 0/1 12:17 0:00 0:00
Sam Gagner 0 0 0 0 0 4 0 0 0 1 5/16 16:07 1:13 1:44
Thomas Novak 0 0 0 0 0 1 1 0 0 0 1/8 12:58 0:00 0:00
Zemgus Girgensons 0 0 0 0 0 4 3 0 0 2 10/16 13:03 0:46 0:00
3 Stars
1 - Logan Thompson (HFD)
2 - Alexander Wennberg (HFD)
3 - Anthony Mantha (HFD)
Power Play
Hartford Whalers - 2 on 5 Attempt(s) - 40.00%
Nashville Predators - 0 on 1 Attempt(s) - 0.00%
Penalty Kill
Hartford Whalers - 1 on 1 Attempt(s) - 100.00%
- Score 0 goal in Penalty Kill
Nashville Predators - 3 on 5 Attempt(s) - 60.00%
- Score 0 goal in Penalty Kill
Team Stat
Hartford Whalers - Hits : 16 - Faceoff Wins : 35 - Blocked Shots : 12 - Penalty Minutes : 2
Nashville Predators - Hits : 32 - Faceoff Wins : 24 - Blocked Shots : 10 - Penalty Minutes : 10
Official
Referees : Mark Lemelin and Wes McCauley
Linesman : Tim Nowak and Tony Sericolo
Game Notes
Paul Byron is injured at 7:41 of 2nd period (Left Leg)
Alec Martinez is injured at 1:21 of 3rd period (Bruised Right Foot)
Finance
Level 1 -- Attendance: 4996 (83.27%) -- Ticket Income $499,600
Level 2 -- Attendance: 4065 (81.30%) -- Ticket Income $243,900
Level 3 -- Attendance: 2318 (77.27%) -- Ticket Income $81,130
Level 4 -- Attendance: 3741 (74.82%) -- Ticket Income $93,525
Luxury Box -- Attendance: 705 (70.50%) -- Ticket Income $141,000
Game was played at the Bridgestone Arena.
Total Attendance: 15825 (79.13%)
Total Ticket Income: $1,059,155
Other Income: $370,704
Total Income: $1,429,859
Hartford Whalers
5 vs 5 Forward
Center Left Wing Right Wing Time % Phy DF OF
1 Joshua Norris Taylor Hall Marcus Foligno 30 1 2 2
2 Alexander Wennberg Josh Anderson Anthony Mantha 30 1 2 2
3 Casey Cizikas Alexis Lafreniere Paul Byron 25 1 2 2
4 Michael Raffl Kevin Labanc Brett Howden 15 1 2 2
5 vs 5 Defense
Defense Defense Time % Phy DF OF
1 Jaccob Slavin Connor Clifton 35 1 2 2
2 Torey Krug Trevor van Riemsdyk 35 1 2 2
3 Alec Martinez Haydn Fleury 30 1 2 2
4 Jaccob Slavin Torey Krug 0 1 2 2
PowerPlay Forward
Center Left Wing Right Wing Time % Phy DF OF
1 Joshua Norris Taylor Hall Marcus Foligno 50 1 2 2
2 Alexander Wennberg Anthony Mantha Josh Anderson 50 1 2 2
PowerPlay Defense
Defense Defense Time % Phy DF OF
1 Jaccob Slavin Alec Martinez 50 1 2 2
2 Torey Krug Trevor van Riemsdyk 50 1 2 2
Penalty Kill 4 Players Forward
Center Wing Time % Phy DF OF
1 Casey Cizikas Michael Raffl 50 1 2 2
2 Paul Byron Brett Howden 50 1 2 2
Penalty Kill 4 Players Defense
Defense Defense Time % Phy DF OF
1 Alec Martinez Jaccob Slavin 50 1 2 2
2 Trevor van Riemsdyk Torey Krug 50 1 2 2
Penalty Kill - 3 Players Forward
Forward Time % Phy DF OF
1 Casey Cizikas 50 1 2 2
2 Michael Raffl 50 1 2 2
Penalty Kill - 3 Players Defense
Defense Defense Time % Phy DF OF
1 Torey Krug Jaccob Slavin 50 1 2 2
2 Haydn Fleury Alec Martinez 50 1 2 2
4 vs 4 Forward
Center Wing Time % Phy DF OF
1 Taylor Hall Joshua Norris 50 1 2 2
2 Marcus Foligno Michael Raffl 50 1 2 2
4 vs 4 Defense
Defense Defense Time % Phy DF OF
1 Jaccob Slavin Torey Krug 50 1 2 2
2 Alec Martinez Haydn Fleury 50 1 2 2
Last Minutes Offensive
Center Left Wing Right Wing Defense Defense
Joshua Norris Taylor Hall Marcus Foligno Jaccob Slavin Connor Clifton
Last Minutes Defensive
Center Left Wing Right Wing Defense Defense
Casey Cizikas Michael Raffl Paul Byron Jaccob Slavin Connor Clifton
Goaltenders
Starting : Logan Thompson
Backup : Anton Forsberg
Extra Forwards
Normal : Brett Howden, Joshua Norris, Taylor Hall - PP : Marcus Foligno, Alexander Wennberg - PK : Kevin Labanc
Extra Defensemen
Normal : Trevor van Riemsdyk, Jaccob Slavin, Torey Krug - PP : Jaccob Slavin - PK : Alec Martinez, Jaccob Slavin
Penalty Shots
Brett Howden, Joshua Norris, Taylor Hall, Marcus Foligno, Alexander Wennberg
Nashville Predators
5 vs 5 Forward
Center Left Wing Right Wing Time % Phy DF OF
1 Sam Gagner Brandon Saad Corey Perry 26 1 2 2
2 Zemgus Girgensons Pat Maroon Loui Eriksson 25 1 2 2
3 Thomas Novak Janne Kuokkanen Nick Bjugstad 25 1 2 2
4 Nolan Patrick Riley Nash Ryan Carpenter 24 1 2 2
5 vs 5 Defense
Defense Defense Time % Phy DF OF
1 Cale Makar Justin Braun 40 1 2 2
2 Nate Schmidt Artem Zub 30 1 2 2
3 Bowen Byram Jake Muzzin 20 1 2 2
4 Artem Zub Justin Braun 10 1 2 2
PowerPlay Forward
Center Left Wing Right Wing Time % Phy DF OF
1 Sam Gagner Brandon Saad Corey Perry 60 1 2 2
2 Zemgus Girgensons Pat Maroon Loui Eriksson 40 1 2 2
PowerPlay Defense
Defense Defense Time % Phy DF OF
1 Bowen Byram Cale Makar 60 1 2 2
2 Artem Zub Jake Muzzin 40 1 2 2
Penalty Kill 4 Players Forward
Center Wing Time % Phy DF OF
1 Brandon Saad Corey Perry 60 1 2 2
2 Sam Gagner Pat Maroon 40 1 2 2
Penalty Kill 4 Players Defense
Defense Defense Time % Phy DF OF
1 Jake Muzzin Justin Braun 60 1 2 2
2 Artem Zub Cale Makar 40 1 2 2
Penalty Kill - 3 Players Forward
Forward Time % Phy DF OF
1 Brandon Saad 60 1 2 2
2 Corey Perry 40 1 2 2
Penalty Kill - 3 Players Defense
Defense Defense Time % Phy DF OF
1 Jake Muzzin Justin Braun 60 1 2 2
2 Artem Zub Cale Makar 40 1 2 2
4 vs 4 Forward
Center Wing Time % Phy DF OF
1 Brandon Saad Corey Perry 60 1 2 2
2 Sam Gagner Pat Maroon 40 1 2 2
4 vs 4 Defense
Defense Defense Time % Phy DF OF
1 Jake Muzzin Cale Makar 60 1 2 2
2 Artem Zub Nate Schmidt 40 1 2 2
Last Minutes Offensive
Center Left Wing Right Wing Defense Defense
Sam Gagner Brandon Saad Corey Perry Bowen Byram Cale Makar
Last Minutes Defensive
Center Left Wing Right Wing Defense Defense
Sam Gagner Brandon Saad Corey Perry Jake Muzzin Justin Braun
Goaltenders
Starting : Anthony Stolarz
Backup : Alexandar Georgiev
Extra Forwards
Normal : Nolan Patrick, Thomas Novak, Nick Bjugstad - PP : Janne Kuokkanen, Thomas Novak - PK : Nick Bjugstad
Extra Defensemen
Normal : Cale Makar, Jake Muzzin, Artem Zub - PP : Cale Makar - PK : Jake Muzzin, Artem Zub
Penalty Shots
Brandon Saad, Corey Perry, Sam Gagner, Pat Maroon, Zemgus Girgensons
% Time on Ice - Hartford Whalers
Lines # - Real PCT - Wanted PCT - Time Play
Normal Forward
1 - 30% - 30% - 15:13
2 - 32% - 30% - 16:19
3 - 23% - 25% - 11:35
4 - 15% - 15% - 7:49
Normal Defense
1 - 28% - 35% - 14:21
2 - 34% - 35% - 17:28
3 - 35% - 30% - 18:03
4 - 2% - 0% - 1:04
PP Forward
1 - 51% - 50% - 3:35
2 - 49% - 50% - 3:30
PP Defense
1 - 55% - 50% - 3:55
2 - 45% - 50% - 3:10
PK Forward
1 - 30% - 50% - 0:36
2 - 70% - 50% - 1:23
PK Defense
1 - 50% - 50% - 1:00
2 - 50% - 50% - 0:59
PK3 Forward
1 - 0% - 50%
2 - 0% - 50%
PK3 Defense
1 - 0% - 50%
2 - 0% - 50%
44 Forward
1 - 0% - 50%
2 - 0% - 50%
44 Defense
1 - 0% - 50%
2 - 0% - 50%
Last Minute Offensive - 0:00
Last Minute Defensive - 0:00
Total
Forward - 60:00
Defense - 60:00
|
% Time on Ice - Nashville Predators
Lines # - Real PCT - Wanted PCT - Time Play
Normal Forward
1 - 26% - 26% - 13:23
2 - 24% - 25% - 12:17
3 - 25% - 25% - 12:58
4 - 24% - 24% - 12:18
Normal Defense
1 - 41% - 40% - 20:38
2 - 31% - 30% - 15:55
3 - 23% - 20% - 11:38
4 - 5% - 10% - 2:45
PP Forward
1 - 61% - 60% - 1:13
2 - 39% - 40% - 0:46
PP Defense
1 - 75% - 60% - 1:29
2 - 25% - 40% - 0:30
PK Forward
1 - 76% - 60% - 5:21
2 - 24% - 40% - 1:44
PK Defense
1 - 78% - 60% - 5:31
2 - 22% - 40% - 1:34
PK3 Forward
1 - 0% - 60%
2 - 0% - 40%
PK3 Defense
1 - 0% - 60%
2 - 0% - 40%
44 Forward
1 - 0% - 60%
2 - 0% - 40%
44 Defense
1 - 0% - 60%
2 - 0% - 40%
Last Minute Offensive - 0:00
Last Minute Defensive - 0:00
Total
Forward - 60:00
Defense - 60:00
|
Play-by-Play
1st period
0:01 of 1st period - Joshua Norris wins face-off versus Sam Gagner in neutral zone.
3:18 of 1st period - Icing by Justin Braun.
3:19 of 1st period - Alexander Wennberg wins face-off versus Thomas Novak in Nashville Predators zone.
3:30 of 1st period - Wrist shot by Anthony Mantha.
3:30 of 1st period - Shot Blocked by Cale Makar.
4:30 of 1st period - Slapshot by Cale Makar.
4:30 of 1st period - Shot Misses the Net.
4:32 of 1st period - Slapshot by Cale Makar.
4:32 of 1st period - Shot Blocked by Anthony Mantha.
4:34 of 1st period - Slapshot by Justin Braun.
4:34 of 1st period - Stopped by Logan Thompson with a rebound.
4:56 of 1st period - Slapshot by Cale Makar.
4:56 of 1st period - Deflect By Alexander Wennberg.
4:56 of 1st period - Stopped by Logan Thompson with a rebound.
5:22 of 1st period - Off-side.
5:23 of 1st period - Casey Cizikas wins face-off versus Nolan Patrick in neutral zone.
5:26 of 1st period - Nate Schmidt is hit by Paul Byron and loses puck.
5:50 of 1st period - Off-side.
5:51 of 1st period - Zemgus Girgensons wins face-off versus Joshua Norris in neutral zone.
6:02 of 1st period - Wrist shot by Zemgus Girgensons.
6:02 of 1st period - Stopped by Logan Thompson without a rebound.
6:03 of 1st period - Joshua Norris wins face-off versus Sam Gagner in Hartford Whalers zone.
6:30 of 1st period - Nolan Patrick is hit by Alexis Lafreniere and loses puck.
6:39 of 1st period - Casey Cizikas is hit by Bowen Byram and loses puck.
7:26 of 1st period - Slapshot by Sam Gagner.
7:26 of 1st period - Stopped by Logan Thompson without a rebound.
7:27 of 1st period - Brandon Saad wins face-off versus Casey Cizikas in Hartford Whalers zone.
7:40 of 1st period - Slapshot by Corey Perry.
7:40 of 1st period - Shot Blocked by Jaccob Slavin.
7:57 of 1st period - Minor Penalty to Ryan Carpenter for Interference.
7:58 of 1st period - Brandon Saad wins face-off versus Joshua Norris in Nashville Predators zone.
8:12 of 1st period - Wrist shot by Joshua Norris.
8:12 of 1st period - Shot Blocked by Brandon Saad.
8:30 of 1st period - Snap shot by Anthony Mantha.
8:30 of 1st period - Shot Blocked by Justin Braun.
8:32 of 1st period - Slapshot by Torey Krug.
8:32 of 1st period - Stopped by Anthony Stolarz with a rebound.
8:34 of 1st period - Slapshot by Trevor van Riemsdyk.
8:34 of 1st period - Deflect By Anthony Mantha.
8:34 of 1st period - Shot Hit the Post.
8:34 of 1st period - Puck is out of play.
8:35 of 1st period - Joshua Norris wins face-off versus Sam Gagner in Nashville Predators zone.
8:50 of 1st period - Wrist shot by Joshua Norris.
8:50 of 1st period - Deflect By Pat Maroon.
8:50 of 1st period - Shot Hit the Post.
8:50 of 1st period - Puck is out of play.
8:51 of 1st period - Alexander Wennberg wins face-off versus Brandon Saad in Nashville Predators zone.
9:00 of 1st period - Slapshot by Alexander Wennberg.
9:00 of 1st period - Goal by Alexander Wennberg - Hartford Whalers : 1 - Nashville Predators : 0.
9:01 of 1st period - Nolan Patrick wins face-off versus Joshua Norris in neutral zone.
9:04 of 1st period - Jaccob Slavin is hit by Artem Zub and loses puck.
9:09 of 1st period - Slapshot by Riley Nash.
9:09 of 1st period - Stopped by Logan Thompson with a rebound.
9:11 of 1st period - Wrist shot by Ryan Carpenter.
9:11 of 1st period - Shot Misses the Net.
9:13 of 1st period - Slapshot by Riley Nash.
9:13 of 1st period - Shot Blocked by Marcus Foligno.
9:15 of 1st period - Slapshot by Artem Zub.
9:15 of 1st period - Stopped by Logan Thompson without a rebound.
9:16 of 1st period - Casey Cizikas wins face-off versus Sam Gagner in Hartford Whalers zone.
9:16 of 1st period - Casey Cizikas is hit by Nate Schmidt.
9:30 of 1st period - Slapshot by Corey Perry.
9:30 of 1st period - Stopped by Logan Thompson without a rebound.
9:31 of 1st period - Joshua Norris wins face-off versus Zemgus Girgensons in Hartford Whalers zone.
9:39 of 1st period - Justin Braun is hit by Joshua Norris and loses puck.
10:03 of 1st period - Slapshot by Kevin Labanc.
10:03 of 1st period - Deflect By Brett Howden.
10:03 of 1st period - Stopped by Anthony Stolarz with a rebound.
10:05 of 1st period - Snap shot by Alec Martinez.
10:05 of 1st period - Stopped by Anthony Stolarz with a rebound.
10:35 of 1st period - Minor Penalty to Justin Braun for Interference.
10:36 of 1st period - Alexander Wennberg wins face-off versus Brandon Saad in Nashville Predators zone.
11:09 of 1st period - Wrist shot by Taylor Hall.
11:09 of 1st period - Shot Blocked by Artem Zub.
11:11 of 1st period - Snap shot by Joshua Norris.
11:11 of 1st period - Stopped by Anthony Stolarz with a rebound.
11:13 of 1st period - Slapshot by Trevor van Riemsdyk.
11:13 of 1st period - Shot Misses the Net.
11:45 of 1st period - Joshua Norris is hit by Pat Maroon and loses puck.
12:35 of 1st period - Penalty to Justin Braun is over, Justin Braun is back on ice.
12:59 of 1st period - Alexis Lafreniere is hit by Pat Maroon and loses puck.
13:16 of 1st period - Janne Kuokkanen is hit by Brett Howden and loses puck.
13:25 of 1st period - Slapshot by Michael Raffl.
13:25 of 1st period - Shot Misses the Net.
13:27 of 1st period - Wrist shot by Brett Howden.
13:27 of 1st period - Stopped by Anthony Stolarz with a rebound.
13:56 of 1st period - Justin Braun is hit by Alexander Wennberg and loses puck.
14:11 of 1st period - Taylor Hall is hit by Corey Perry and loses puck.
14:16 of 1st period - Wrist shot by Brandon Saad.
14:16 of 1st period - Stopped by Logan Thompson without a rebound.
14:17 of 1st period - Casey Cizikas wins face-off versus Thomas Novak in Hartford Whalers zone.
14:34 of 1st period - Paul Byron is hit by Nick Bjugstad and loses puck.
14:55 of 1st period - Wrist shot by Corey Perry.
14:55 of 1st period - Stopped by Logan Thompson with a rebound.
15:05 of 1st period - Marcus Foligno is hit by Justin Braun and loses puck.
15:22 of 1st period - Taylor Hall is hit by Loui Eriksson and loses puck.
15:27 of 1st period - Slapshot by Zemgus Girgensons.
15:27 of 1st period - Stopped by Logan Thompson with a rebound.
15:35 of 1st period - Snap shot by Joshua Norris.
15:35 of 1st period - Stopped by Anthony Stolarz without a rebound.
15:36 of 1st period - Alexander Wennberg wins face-off versus Sam Gagner in Nashville Predators zone.
15:37 of 1st period - Wrist shot by Anthony Mantha.
15:37 of 1st period - Stopped by Anthony Stolarz without a rebound.
15:38 of 1st period - Sam Gagner wins face-off versus Alexander Wennberg in Nashville Predators zone.
16:23 of 1st period - Snap shot by Corey Perry.
16:23 of 1st period - Stopped by Logan Thompson with a rebound.
16:25 of 1st period - Slapshot by Sam Gagner.
16:25 of 1st period - Stopped by Logan Thompson with a rebound.
16:27 of 1st period - Snap shot by Sam Gagner.
16:27 of 1st period - Stopped by Logan Thompson without a rebound.
16:28 of 1st period - Nolan Patrick wins face-off versus Alexander Wennberg in Hartford Whalers zone.
16:45 of 1st period - Riley Nash is hit by Josh Anderson and loses puck.
16:59 of 1st period - Zemgus Girgensons is hit by Taylor Hall and loses puck.
17:20 of 1st period - Slapshot by Artem Zub.
17:20 of 1st period - Shot Misses the Net.
17:52 of 1st period - Jaccob Slavin is hit by Ryan Carpenter and loses puck.
18:07 of 1st period - Slapshot by Alexander Wennberg.
18:07 of 1st period - Goal by Alexander Wennberg - Hartford Whalers : 2 - Nashville Predators : 0.
18:08 of 1st period - Nolan Patrick wins face-off versus Joshua Norris in neutral zone.
18:13 of 1st period - Slapshot by Justin Braun.
18:13 of 1st period - Deflect By Nolan Patrick.
18:13 of 1st period - Stopped by Logan Thompson with a rebound.
18:55 of 1st period - Michael Raffl is hit by Pat Maroon and loses puck.
19:06 of 1st period - Wrist shot by Cale Makar.
19:06 of 1st period - Stopped by Logan Thompson with a rebound.
19:20 of 1st period - Wrist shot by Brett Howden.
19:20 of 1st period - Deflect By Alexis Lafreniere.
19:20 of 1st period - Shot Blocked by Justin Braun.
19:20 of 1st period - Puck is out of play.
19:21 of 1st period - Casey Cizikas wins face-off versus Thomas Novak in Nashville Predators zone.
19:35 of 1st period - Slapshot by Jaccob Slavin.
19:35 of 1st period - Stopped by Anthony Stolarz without a rebound.
19:36 of 1st period - Joshua Norris wins face-off versus Ryan Carpenter in Nashville Predators zone.
19:44 of 1st period - Minor Penalty to Cale Makar for Tripping.
19:45 of 1st period - Joshua Norris wins face-off versus Brandon Saad in Nashville Predators zone.
19:47 of 1st period - Wrist shot by Joshua Norris.
19:47 of 1st period - Shot Misses the Net.
19:49 of 1st period - Snap shot by Joshua Norris.
19:49 of 1st period - Goal by Joshua Norris - Hartford Whalers : 3 - Nashville Predators : 0.
19:50 of 1st period - Nolan Patrick wins face-off versus Joshua Norris in neutral zone.
19:55 of 1st period - Wrist shot by Nolan Patrick.
19:55 of 1st period - Stopped by Logan Thompson with a rebound.
Goals for this period are 3 for Hartford Whalers vs 0 for Nashville Predators.
Shots for this period are 11 for Hartford Whalers vs 16 for Nashville Predators.
2nd period
0:01 of 2nd period - Sam Gagner wins face-off versus Alexander Wennberg in neutral zone.
0:08 of 2nd period - Snap shot by Anthony Mantha.
0:08 of 2nd period - Stopped by Anthony Stolarz without a rebound.
0:09 of 2nd period - Sam Gagner wins face-off versus Alexander Wennberg in Nashville Predators zone.
0:20 of 2nd period - Snap shot by Corey Perry.
0:20 of 2nd period - Stopped by Logan Thompson with a rebound.
0:22 of 2nd period - Wrist shot by Corey Perry.
0:22 of 2nd period - Stopped by Logan Thompson with a rebound.
0:24 of 2nd period - Slapshot by Sam Gagner.
0:24 of 2nd period - Stopped by Logan Thompson with a rebound.
0:26 of 2nd period - Slapshot by Justin Braun.
0:26 of 2nd period - Shot Misses the Net.
0:28 of 2nd period - Wrist shot by Sam Gagner.
0:28 of 2nd period - Shot Misses the Net.
0:34 of 2nd period - Wrist shot by Brandon Saad.
0:34 of 2nd period - Stopped by Logan Thompson without a rebound.
0:35 of 2nd period - Zemgus Girgensons wins face-off versus Joshua Norris in Hartford Whalers zone.
0:36 of 2nd period - Wrist shot by Loui Eriksson.
0:36 of 2nd period - Shot Misses the Net.
1:21 of 2nd period - Wrist shot by Thomas Novak.
1:21 of 2nd period - Shot Misses the Net.
1:23 of 2nd period - Wrist shot by Janne Kuokkanen.
1:23 of 2nd period - Stopped by Logan Thompson without a rebound.
1:24 of 2nd period - Joshua Norris wins face-off versus Thomas Novak in Hartford Whalers zone.
1:53 of 2nd period - Haydn Fleury is hit by Ryan Carpenter and loses puck.
2:18 of 2nd period - Snap shot by Zemgus Girgensons.
2:18 of 2nd period - Stopped by Logan Thompson without a rebound.
2:19 of 2nd period - Corey Perry wins face-off versus Casey Cizikas in Hartford Whalers zone.
2:24 of 2nd period - Snap shot by Corey Perry.
2:24 of 2nd period - Goal by Corey Perry - Hartford Whalers : 3 - Nashville Predators : 1.
2:25 of 2nd period - Joshua Norris wins face-off versus Zemgus Girgensons in neutral zone.
3:01 of 2nd period - Slapshot by Alexander Wennberg.
3:01 of 2nd period - Stopped by Anthony Stolarz with a rebound.
3:21 of 2nd period - Snap shot by Corey Perry.
3:21 of 2nd period - Stopped by Logan Thompson without a rebound.
3:22 of 2nd period - Michael Raffl wins face-off versus Sam Gagner in Hartford Whalers zone.
3:35 of 2nd period - Snap shot by Brett Howden.
3:35 of 2nd period - Shot Blocked by Corey Perry.
3:37 of 2nd period - Snap shot by Michael Raffl.
3:37 of 2nd period - Shot Misses the Net.
3:39 of 2nd period - Slapshot by Jaccob Slavin.
3:39 of 2nd period - Stopped by Anthony Stolarz with a rebound.
3:45 of 2nd period - Snap shot by Jaccob Slavin.
3:45 of 2nd period - Stopped by Anthony Stolarz with a rebound.
4:27 of 2nd period - Slapshot by Cale Makar.
4:27 of 2nd period - Shot Blocked by Connor Clifton.
4:29 of 2nd period - Snap shot by Sam Gagner.
4:29 of 2nd period - Shot Blocked by Michael Raffl.
4:31 of 2nd period - Wrist shot by Justin Braun.
4:31 of 2nd period - Stopped by Logan Thompson with a rebound.
4:33 of 2nd period - Backhand shot by Cale Makar.
4:33 of 2nd period - Stopped by Logan Thompson without a rebound.
4:34 of 2nd period - Zemgus Girgensons wins face-off versus Joshua Norris in Hartford Whalers zone.
4:47 of 2nd period - Slapshot by Marcus Foligno.
4:47 of 2nd period - Stopped by Anthony Stolarz without a rebound.
4:48 of 2nd period - Alexander Wennberg wins face-off versus Thomas Novak in Nashville Predators zone.
5:14 of 2nd period - Nate Schmidt is hit by Connor Clifton and loses puck.
5:22 of 2nd period - Snap shot by Jake Muzzin.
5:22 of 2nd period - Stopped by Logan Thompson with a rebound.
5:40 of 2nd period - Trevor van Riemsdyk is hit by Pat Maroon and loses puck.
6:05 of 2nd period - Trevor van Riemsdyk is hit by Cale Makar and loses puck.
6:38 of 2nd period - Wrist shot by Alexis Lafreniere.
6:38 of 2nd period - Stopped by Anthony Stolarz without a rebound.
6:39 of 2nd period - Zemgus Girgensons wins face-off versus Michael Raffl in Nashville Predators zone.
6:46 of 2nd period - Wrist shot by Zemgus Girgensons.
6:46 of 2nd period - Deflect By Kevin Labanc.
6:46 of 2nd period - Shot Misses the Net.
6:46 of 2nd period - Puck is out of play.
6:47 of 2nd period - Joshua Norris wins face-off versus Nolan Patrick in Hartford Whalers zone.
7:08 of 2nd period - Minor Penalty to Marcus Foligno for Tripping.
7:09 of 2nd period - Sam Gagner wins face-off versus Casey Cizikas in Hartford Whalers zone.
7:24 of 2nd period - Slapshot by Cale Makar.
7:24 of 2nd period - Shot Blocked by Jaccob Slavin.
7:34 of 2nd period - Jaccob Slavin is hit by Pat Maroon and loses puck.
7:41 of 2nd period - Snap shot by Zemgus Girgensons.
7:41 of 2nd period - Shot Blocked by Paul Byron.
7:41 of 2nd period - Paul Byron from Hartford Whalers is injured at 7:41 of 2nd period (Left Leg).
7:42 of 2nd period - Casey Cizikas wins face-off versus Sam Gagner in Hartford Whalers zone.
7:58 of 2nd period - Snap shot by Brett Howden.
7:58 of 2nd period - Deflect By Kevin Labanc.
7:58 of 2nd period - Shot Blocked by Cale Makar.
7:58 of 2nd period - Puck is out of play.
7:59 of 2nd period - Zemgus Girgensons wins face-off versus Casey Cizikas in Nashville Predators zone.
8:04 of 2nd period - Slapshot by Cale Makar.
8:04 of 2nd period - Shot Misses the Net.
9:08 of 2nd period - Penalty to Marcus Foligno is over, Marcus Foligno is back on ice.
9:16 of 2nd period - Artem Zub is hit by Connor Clifton.
9:26 of 2nd period - Wrist shot by Alexander Wennberg.
9:26 of 2nd period - Stopped by Anthony Stolarz with a rebound.
11:02 of 2nd period - Alexander Wennberg is hit by Corey Perry and loses puck.
13:21 of 2nd period - Snap shot by Corey Perry.
13:21 of 2nd period - Stopped by Logan Thompson with a rebound.
13:48 of 2nd period - Icing by Trevor van Riemsdyk.
13:49 of 2nd period - Casey Cizikas wins face-off versus Corey Perry in Hartford Whalers zone.
14:35 of 2nd period - Snap shot by Thomas Novak.
14:35 of 2nd period - Shot Misses the Net.
14:37 of 2nd period - Snap shot by Janne Kuokkanen.
14:37 of 2nd period - Shot Misses the Net.
14:39 of 2nd period - Snap shot by Janne Kuokkanen.
14:39 of 2nd period - Shot Misses the Net.
14:41 of 2nd period - Wrist shot by Janne Kuokkanen.
14:41 of 2nd period - Shot Blocked by Alexis Lafreniere.
14:43 of 2nd period - Slapshot by Nick Bjugstad.
14:43 of 2nd period - Deflect By Thomas Novak.
14:43 of 2nd period - Shot Misses the Net.
14:43 of 2nd period - Puck is out of play.
14:44 of 2nd period - Alexander Wennberg wins face-off versus Nolan Patrick in Hartford Whalers zone.
15:15 of 2nd period - Snap shot by Taylor Hall.
15:15 of 2nd period - Deflect By Loui Eriksson.
15:15 of 2nd period - Stopped by Anthony Stolarz without a rebound.
15:16 of 2nd period - Joshua Norris wins face-off versus Thomas Novak in Nashville Predators zone.
16:16 of 2nd period - Minor Penalty to Artem Zub for Goalie Interference.
16:17 of 2nd period - Joshua Norris wins face-off versus Brandon Saad in Nashville Predators zone.
16:53 of 2nd period - Jake Muzzin is hit by Anthony Mantha and loses puck.
17:16 of 2nd period - Slapshot by Alexander Wennberg.
17:16 of 2nd period - Stopped by Anthony Stolarz without a rebound.
17:17 of 2nd period - Joshua Norris wins face-off versus Sam Gagner in Nashville Predators zone.
18:16 of 2nd period - Penalty to Artem Zub is over, Artem Zub is back on ice.
18:23 of 2nd period - Icing by Trevor van Riemsdyk.
18:24 of 2nd period - Joshua Norris wins face-off versus Nolan Patrick in Hartford Whalers zone.
18:53 of 2nd period - Icing by Thomas Novak.
18:54 of 2nd period - Alexander Wennberg wins face-off versus Thomas Novak in Nashville Predators zone.
18:57 of 2nd period - Wrist shot by Josh Anderson.
18:57 of 2nd period - Stopped by Anthony Stolarz without a rebound.
18:58 of 2nd period - Zemgus Girgensons wins face-off versus Alexander Wennberg in Nashville Predators zone.
19:11 of 2nd period - Slapshot by Cale Makar.
19:11 of 2nd period - Shot Blocked by Alec Martinez.
19:13 of 2nd period - Slapshot by Zemgus Girgensons.
19:13 of 2nd period - Stopped by Logan Thompson with a rebound.
19:23 of 2nd period - Snap shot by Thomas Novak.
19:23 of 2nd period - Shot Misses the Net.
19:25 of 2nd period - Snap shot by Thomas Novak.
19:25 of 2nd period - Stopped by Logan Thompson with a rebound.
19:27 of 2nd period - Slapshot by Jake Muzzin.
19:27 of 2nd period - Shot Blocked by Alexander Wennberg.
19:51 of 2nd period - Wrist shot by Joshua Norris.
19:51 of 2nd period - Stopped by Anthony Stolarz without a rebound.
19:52 of 2nd period - Zemgus Girgensons wins face-off versus Joshua Norris in Nashville Predators zone.
19:52 of 2nd period - Zemgus Girgensons is hit by Taylor Hall.
Goals for this period are 0 for Hartford Whalers vs 1 for Nashville Predators.
Shots for this period are 11 for Hartford Whalers vs 14 for Nashville Predators.
3rd period
0:01 of 3rd period - Zemgus Girgensons wins face-off versus Joshua Norris in neutral zone.
1:08 of 3rd period - Thomas Novak is hit by Michael Raffl.
1:20 of 3rd period - Alec Martinez is hit by Nate Schmidt and loses puck.
1:21 of 3rd period - Alec Martinez from Hartford Whalers is injured at 1:21 of 3rd period (Bruised Right Foot).
1:22 of 3rd period - Joshua Norris wins face-off versus Sam Gagner in Hartford Whalers zone.
1:31 of 3rd period - Slapshot by Torey Krug.
1:31 of 3rd period - Deflect By Taylor Hall.
1:31 of 3rd period - Stopped by Anthony Stolarz without a rebound.
1:32 of 3rd period - Joshua Norris wins face-off versus Sam Gagner in Nashville Predators zone.
1:39 of 3rd period - Snap shot by Marcus Foligno.
1:39 of 3rd period - Shot Misses the Net.
1:41 of 3rd period - Wrist shot by Marcus Foligno.
1:41 of 3rd period - Stopped by Anthony Stolarz with a rebound.
1:43 of 3rd period - Wrist shot by Taylor Hall.
1:43 of 3rd period - Stopped by Anthony Stolarz with a rebound.
1:45 of 3rd period - Snap shot by Taylor Hall.
1:45 of 3rd period - Shot Misses the Net.
1:47 of 3rd period - Snap shot by Taylor Hall.
1:47 of 3rd period - Shot Misses the Net.
1:49 of 3rd period - Slapshot by Trevor van Riemsdyk.
1:49 of 3rd period - Stopped by Anthony Stolarz without a rebound.
1:50 of 3rd period - Brett Howden wins face-off versus Zemgus Girgensons in Nashville Predators zone.
2:05 of 3rd period - Snap shot by Zemgus Girgensons.
2:05 of 3rd period - Deflect By Alexis Lafreniere.
2:05 of 3rd period - Shot Blocked by Jaccob Slavin.
2:05 of 3rd period - Puck is out of play.
2:06 of 3rd period - Nolan Patrick wins face-off versus Joshua Norris in Hartford Whalers zone.
2:09 of 3rd period - Wrist shot by Nolan Patrick.
2:09 of 3rd period - Stopped by Logan Thompson with a rebound.
2:15 of 3rd period - Snap shot by Nolan Patrick.
2:15 of 3rd period - Stopped by Logan Thompson with a rebound.
2:21 of 3rd period - Wrist shot by Riley Nash.
2:21 of 3rd period - Stopped by Logan Thompson without a rebound.
2:22 of 3rd period - Brett Howden wins face-off versus Zemgus Girgensons in Hartford Whalers zone.
3:12 of 3rd period - Wrist shot by Josh Anderson.
3:12 of 3rd period - Stopped by Anthony Stolarz with a rebound.
3:14 of 3rd period - Wrist shot by Haydn Fleury.
3:14 of 3rd period - Shot Blocked by Corey Perry.
3:16 of 3rd period - Wrist shot by Anthony Mantha.
3:16 of 3rd period - Shot Blocked by Jake Muzzin.
3:18 of 3rd period - Snap shot by Anthony Mantha.
3:18 of 3rd period - Stopped by Anthony Stolarz with a rebound.
3:38 of 3rd period - Snap shot by Nolan Patrick.
3:38 of 3rd period - Deflect By Brett Howden.
3:38 of 3rd period - Shot Blocked by Brett Howden.
3:38 of 3rd period - Puck is out of play.
3:39 of 3rd period - Zemgus Girgensons wins face-off versus Joshua Norris in Hartford Whalers zone.
3:40 of 3rd period - Slapshot by Cale Makar.
3:40 of 3rd period - Shot Misses the Net.
4:06 of 3rd period - Wrist shot by Casey Cizikas.
4:06 of 3rd period - Deflect By Alexis Lafreniere.
4:06 of 3rd period - Stopped by Anthony Stolarz with a rebound.
4:14 of 3rd period - Trevor van Riemsdyk is hit by Nick Bjugstad and loses puck.
4:34 of 3rd period - Snap shot by Ryan Carpenter.
4:34 of 3rd period - Shot Misses the Net.
4:44 of 3rd period - Torey Krug is hit by Brandon Saad and loses puck.
5:15 of 3rd period - Snap shot by Loui Eriksson.
5:15 of 3rd period - Stopped by Logan Thompson without a rebound.
5:16 of 3rd period - Zemgus Girgensons wins face-off versus Alexander Wennberg in Hartford Whalers zone.
5:45 of 3rd period - Jaccob Slavin is hit by Jake Muzzin and loses puck.
6:18 of 3rd period - Haydn Fleury is hit by Justin Braun and loses puck.
7:33 of 3rd period - Icing by Casey Cizikas.
7:34 of 3rd period - Sam Gagner wins face-off versus Casey Cizikas in Hartford Whalers zone.
7:58 of 3rd period - Wrist shot by Janne Kuokkanen.
7:58 of 3rd period - Stopped by Logan Thompson without a rebound.
7:59 of 3rd period - Thomas Novak wins face-off versus Michael Raffl in Hartford Whalers zone.
8:00 of 3rd period - Slapshot by Nate Schmidt.
8:00 of 3rd period - Shot Misses the Net.
8:27 of 3rd period - Slapshot by Brett Howden.
8:27 of 3rd period - Shot Misses the Net.
8:29 of 3rd period - Slapshot by Connor Clifton.
8:29 of 3rd period - Stopped by Anthony Stolarz with a rebound.
8:31 of 3rd period - Backhand shot by Haydn Fleury.
8:31 of 3rd period - Shot Blocked by Nick Bjugstad.
8:33 of 3rd period - Slapshot by Connor Clifton.
8:33 of 3rd period - Deflect By Bowen Byram.
8:33 of 3rd period - Stopped by Anthony Stolarz with a rebound.
8:35 of 3rd period - Snap shot by Kevin Labanc.
8:35 of 3rd period - Shot Misses the Net.
8:37 of 3rd period - Snap shot by Kevin Labanc.
8:37 of 3rd period - Deflect By Michael Raffl.
8:37 of 3rd period - Shot Misses the Net.
8:37 of 3rd period - Puck is out of play.
8:38 of 3rd period - Joshua Norris wins face-off versus Zemgus Girgensons in Nashville Predators zone.
8:41 of 3rd period - Snap shot by Joshua Norris.
8:41 of 3rd period - Shot Hit the Post.
8:47 of 3rd period - Trevor van Riemsdyk is hit by Zemgus Girgensons and loses puck.
8:49 of 3rd period - Minor Penalty to Justin Braun for Holding.
8:50 of 3rd period - Taylor Hall wins face-off versus Brandon Saad in Nashville Predators zone.
9:47 of 3rd period - Cale Makar is hit by Taylor Hall and loses puck.
10:49 of 3rd period - Penalty to Justin Braun is over, Justin Braun is back on ice.
10:52 of 3rd period - Justin Braun is hit by Joshua Norris and loses puck.
11:52 of 3rd period - Joshua Norris is hit by Justin Braun and loses puck.
12:14 of 3rd period - Connor Clifton is hit by Zemgus Girgensons and loses puck.
12:27 of 3rd period - Connor Clifton is hit by Nick Bjugstad and loses puck.
12:40 of 3rd period - Marcus Foligno is hit by Nolan Patrick.
13:09 of 3rd period - Icing by Marcus Foligno.
13:10 of 3rd period - Alexander Wennberg wins face-off versus Sam Gagner in Hartford Whalers zone.
13:10 of 3rd period - Alexander Wennberg is hit by Corey Perry.
13:26 of 3rd period - Backhand shot by Corey Perry.
13:26 of 3rd period - Stopped by Logan Thompson with a rebound.
14:57 of 3rd period - Alexander Wennberg is hit by Justin Braun.
15:43 of 3rd period - Josh Anderson is hit by Nate Schmidt and loses puck.
16:31 of 3rd period - Slapshot by Cale Makar.
16:31 of 3rd period - Deflect By Trevor van Riemsdyk.
16:31 of 3rd period - Stopped by Logan Thompson without a rebound.
16:32 of 3rd period - Joshua Norris wins face-off versus Zemgus Girgensons in Hartford Whalers zone.
16:32 of 3rd period - Taylor Hall is hit by Zemgus Girgensons and loses puck.
16:47 of 3rd period - Wrist shot by Pat Maroon.
16:47 of 3rd period - Stopped by Logan Thompson with a rebound.
16:57 of 3rd period - Nolan Patrick is hit by Alexis Lafreniere and loses puck.
17:25 of 3rd period - Jaccob Slavin is hit by Nick Bjugstad and loses puck.
18:01 of 3rd period - Wrist shot by Loui Eriksson.
18:01 of 3rd period - Stopped by Logan Thompson with a rebound.
19:10 of 3rd period - Nick Bjugstad is hit by Marcus Foligno.
19:14 of 3rd period - Jaccob Slavin is hit by Thomas Novak and loses puck.
Goals for this period are 0 for Hartford Whalers vs 0 for Nashville Predators.
Shots for this period are 9 for Hartford Whalers vs 9 for Nashville Predators.
Back to the Top